 Dungeon Sprint DCSS version 0.31-a0-728-g01b46875f1 (webtiles) character file.

Game seed: 3426852714860989803

1129 sircluck the Grappler (level 8, -16/92 HPs)
             Began as a Troll Berserker on Sept 11, 2023.
             Was the Champion of Trog.
             Demolished by Erolcha
             ... wielding a +0 giant spiked club
              (38 damage)
             ... in the Dungeon (Sprint VII: "The Pits").
             The game lasted 00:01:28 (436 turns).

sircluck the Grappler (Troll Berserker)              Turns: 436, Time: 00:01:29

Health: -16/92     AC:  4    Str: 28    XL:     8   Next: 13%
Magic:  7/7        EV: 12    Int:  3    God:    Trog [******]
Gold:   0          SH:  0    Dex:  9    Spells: 7/7 levels left

rFire   . .          .
                       - Unarmed
rCold   . . .        (no shield)
rNeg    . . .        a - +0 animal skin
rPois   .            (helmet restricted)
rElec   .            (no cloak)
rCorr   .            (gloves unavailable)
SInv    .            (boots unavailable)
Will    .....        (no amulet)
Stlth   +            (no ring)
HPRegen 1.15/turn    (no ring)
MPRegen 0.10/turn

%: no teleportation
@: lethally poisoned (-16 -> -17)
A: large, unfitting armour, claws 3, regeneration 1, shaggy fur 1, tough skin 1
a: Renounce Religion, Berserk, Trog's Hand, Brothers in Arms


You were in the Dungeon.
You worshipped Trog.
Trog was exalted by your worship.
You visited 1 branch

Inventory:

Armour
 a - a +0 animal skin (worn)
Scrolls
 g - a scroll of blinking
 i - 2 scrolls of vulnerability
 j - a scroll of summoning
Potions
 b - 5 potions of curing
 c - 4 potions of heal wounds
 d - a potion of haste
 e - 4 potions of magic
 f - 3 potions of berserk rage
 h - 2 potions of invisibility


   Skills:
 + Level 9.2 Fighting
 + Level 9.1 Dodging
 + Level 10.8 Unarmed Combat


You had 7 spell levels left.
You didn't know any spells.
Your spell library was empty.

Dungeon Overview and Level Annotations

Branches:
Dungeon (1/1)

Altars:
Cheibriados
Dithmenos
Elyvilon
Fedhas
Gozag
Hepliaklqana
Makhleb
Nemelex Xobeh
Okawaru
Qazlal
Ru
Sif Muna
Trog
Vehumet
Wu Jian
Xom
Yredelemnul
Zin
The Shining One
Jiyva
Lugonu

Annotations:
D Erolcha


Innate Abilities, Weirdness & Mutations

You are too large for most types of armour.
You have claws for hands.
Your natural rate of healing is unusually fast.
You are covered in fur. (AC +1)
You have tough skin. (AC +1)


Message History

Trog accepts your kill.
Your Dodging skill increases to level 9!
You scratch the killer bee.
The killer bee is moderately wounded.
The killer bee stings you but does no damage.
The killer bee stings you.
* * * LOW HITPOINT WARNING * * *
Unknown command.
Unknown command.
You feel much better. The killer bee stings you.
You are poisoned.
The killer bee poisons you! The killer bee misses you.
Unknown command.
You miss the killer bee. Your claw misses the killer bee.
The killer bee is moderately wounded.
You feel sick.
The killer bee stings you but does no damage.
You scratch the killer bee.
The killer bee is heavily wounded.
You feel sick. The killer bee stings you. x2
You are more poisoned.
The killer bee poisons you!
You mangle the killer bee!!
You kill the killer bee!
Trog accepts your kill.
You feel sick.
The orc wizard gestures at you while chanting.
The magic dart hits you.
* * * LOW HITPOINT WARNING * * *
You feel very sick.
The orc wizard hits you but does no damage.
There is an open door here.
You see here a +3 great mace of flaming.
You mangle the orc wizard!!
You kill the orc wizard!
Trog accepts your kill.
Trog appreciates your killing of a magic user.
You feel sick.
You closely miss something.
You feel sick. Something hits you!!!
You die...

#)#†....#[[##.......##..#
#)#.....#'###...<...##Y.#
#)#........##.......##Y.#
#.#........##.......##.Y#
#'###########.......##.Y.
#.......#.. ##########...
#...#...#)# #...#...#)#
#.##.##.#@#
#...#...#){o...+
#...#...#)#....#
#.......'.#....#
########### ####


You could see an orc.

Vanquished Creatures
  A snapping turtle (D)
  A flying skull (D)
  An ice beast (D)
  A black bear (D)
  A centaur (D)
  A gnoll sergeant (D)
  5 killer bees (D)
  A hound (D)
  A gnoll bouda (D)
  An iron imp (D)
  An orc wizard (D)
  11 gnolls (D)
  An adder (D)
  A river rat (D)
  An orc (D)
  A bat (D)
  2 goblins (D)
  7 jackals (D)
  A quokka (D)
  A ball python zombie (D)
  A frilled lizard (D)
42 creatures vanquished.

Notes
Turn   | Place    | Note
-------+----------+-------------------------------------------
     0 | D        | sircluck the Troll Berserker began the quest for the Orb.
     0 | D        | Reached XP level 1. HP: 22/22 MP: 0/0
    11 | D        | Noticed a gnoll bouda
    29 | D        | Reached XP level 2. HP: 31/31 MP: 1/1
    32 | D        | Reached ** piety under Trog
    33 | D        | Reached skill level 4 in Unarmed Combat
    33 | D        | Reached XP level 3. HP: 39/39 MP: 2/2
    34 | D        | Reached skill level 5 in Unarmed Combat
    48 | D        | Reached *** piety under Trog
    83 | D        | Noticed a yak
    88 | D        | Noticed a yak
    88 | D        | Noticed a yak
    89 | D        | Noticed a yak
   107 | D        | Reached XP level 4. HP: 49/49 MP: 3/3
   111 | D        | Found a bloodstained altar of Trog.
   111 | D        | Found a shimmering blue altar of Sif Muna.
   111 | D        | Found a viscous altar of Jiyva.
   111 | D        | Found a hazy altar of Hepliaklqana.
   111 | D        | Found an opulent altar of Gozag.
   112 | D        | Found a glowing golden altar of the Shining One.
   112 | D        | Found a glowing silver altar of Zin.
   112 | D        | Found a basalt altar of Yredelemnul.
   112 | D        | Found a shimmering altar of Xom.
   112 | D        | Found an ornate altar of the Wu Jian Council.
   112 | D        | Found a sacrificial altar of Ru.
   112 | D        | Found a stormy altar of Qazlal.
   112 | D        | Found an iron altar of Okawaru.
   112 | D        | Found a sparkling altar of Nemelex Xobeh.
   112 | D        | Found a burning altar of Makhleb.
   112 | D        | Found a blossoming altar of Fedhas.
   112 | D        | Found a white marble altar of Elyvilon.
   112 | D        | Found a shadowy altar of Dithmenos.
   112 | D        | Found a snail-covered altar of Cheibriados.
   114 | D        | Found a radiant altar of Vehumet.
   114 | D        | Found a corrupted altar of Lugonu.
   146 | D        | Reached **** piety under Trog
   162 | D        | Reached ***** piety under Trog
   168 | D        | Reached skill level 5 in Fighting
   168 | D        | Reached skill level 5 in Dodging
   168 | D        | Reached skill level 6 in Unarmed Combat
   219 | D        | Noticed a gnoll sergeant
   241 | D        | Reached XP level 5. HP: 49/57 MP: 4/4
   241 | D        | Noticed a flying skull
   251 | D        | Reached skill level 7 in Unarmed Combat
   260 | D        | Killed a flying skull
   261 | D        | Reached skill level 8 in Unarmed Combat
   261 | D        | Reached XP level 6. HP: 43/71 MP: 5/5
   262 | D        | Received a gift from Trog
   270 | D        | Reached ****** piety under Trog
   312 | D        | Noticed a snapping turtle
   325 | D        | Killed a snapping turtle
   325 | D        | Received a gift from Trog
   326 | D        | Reached skill level 9 in Unarmed Combat
   326 | D        | Reached XP level 7. HP: 17/80 MP: 6/6
   387 | D        | Reached skill level 10 in Unarmed Combat
   410 | D        | Noticed Erolcha
   420 | D        | Received a gift from Trog
   421 | D        | Reached XP level 8. HP: 54/92 MP: 7/7
   436 | D        | Demolished by Erolcha

Illustrated notes

Levels and vault maps discovered:
D:        pitsprint [storerooms_1, entrance_room_1, metal_vault_3, armoury_2,
          mini_pit_1, grid_room_1, main_hall_1, silver_pit, the_coven_3,
          the_vestibule_1, steel_vault_1, golden_pit, hallway_of_sentries,
          crystal_vault_2, iron_vault_4, final_vault]

Skill      XL: |  1  2  3  4  5  6  7  8 |
---------------+-------------------------+-----
Fighting       | 3 4 5 7 8 9 |  9.2
Dodging        | 3 4 5 7 8 9 |  9.1
Unarmed Combat | 4 5 6 8 9 10 | 10.8

Action                     |  1- 3 |  4- 6 |  7- 9 || total
---------------------------+-------+-------+-------++-------
  Melee: Unarmed           |    26 |    79 |    33 ||   138
         Punch             |       |     5 |     1 ||     6
 Invoke: Berserk           |     1 |     1 |       ||     2
    Use: Potion            |       |     1 |     2 ||     3
 Armour: Animal skin       |    31 |    59 |    33 ||   123
  Dodge: Dodged            |    22 |    33 |    29 ||    84

Table legend: (Time is in decaauts)
 A = Elapsed time spent in this place.
 B = Non-inter-level travel time spent in this place.
 C = Inter-level travel time spent in this place.
 D = Time resting spent in this place.
 E = Time spent auto-exploring this place.
 F = Levels seen in this place.
 G = Mean time per level.
                   A        B        C        D        E       F      G
               +--------+--------+--------+--------+--------+-----+--------+
         Total |    434 |    434 |      0 |    110 |     92 |   1 |  434.0 |
       Dungeon |    434 |    434 |      0 |    110 |     92 |   1 |  434.0 |
               +--------+--------+--------+--------+--------+-----+--------+

Top non-repeatable levels by time:
       D: 434 daAuts
